 Dungeon Crawl Stone Soup version 0.28-a0-938-gbc3f381ebc (webtiles) character file.

Game seed: 12774863251953405888

1901238 VineThatTabs the Slayer (level 27, 169/169 HPs)
             Began as a Vine Stalker Fighter on Nov 27, 2021.
             Was a Favourite Plaything of Xom.
             Escaped with the Orb
             ... and 3 runes on Nov 28, 2021!
             The game lasted 03:14:13 (54821 turns).

VineThatTabs the Slayer (Vine Stalker Fighter)     Turns: 54821, Time: 03:14:14

Health: 169/169    AC: 50    Str: 29    XL:     27
Magic:  24/24      EV: 16    Int:  1    God:    Xom [..*...]
Gold:   2448       SH: 41    Dex: 25    Spells: 26/26 levels left

rFire   + + +      SeeInvis .   E - +5 eveningstar (drain)
rCold   + + +      Faith    .   b - +10 tower shield of Ignorance {rN+ Int-4}
rNeg    + . .      Spirit   +   z - +13 crystal plate armour
rPois   +          Reflect  .   l - +2 helmet
rElec   .          Harm     .   M - scarf {rC+ rF+}
rCorr   .          Rampage  .   P - +2 pair of gloves
Will    +++..                   o - +0 pair of boots {Fly}
Stlth   ..........              R - amulet of magic regeneration
HPRegen 1.98/turn               J - +4 ring of slaying
MPRegen 0.59/turn               n - ring "Ykitoz" {rC+ Str+6 Int-2 Dex+3}

@: flying
A: fangs 3, regeneration 2, magic shield, antimagic bite, no potion heal 2,
hooves 2, iridescent scales 1, large bone plates 1, thin skeletal structure 1,
camouflage 1, clumsy 1, cold resistance 1, dopey 1, fire resistance 2, mutation
resistance 1, poison resistance, wild magic 1, MP-powered wands, sturdy frame 1
0: Orb of Zot
}: 3/15 runes: serpentine, silver, abyssal
a: Renounce Religion


You escaped.
You worshipped Xom.
You were a toy of Xom.
You visited 8 branches of the dungeon, and saw 44 of its levels.
You visited the Abyss 1 time.
You also visited: Ice Cave.

You collected 8279 gold pieces.
You spent 5831 gold pieces at shops.

Inventory:

Hand Weapons
 E - a +5 eveningstar of draining (weapon)
Missiles
 j - 9 throwing nets (quivered)
Armour
 b - the +10 tower shield of Ignorance (worn) {rN+ Int-4}
   (You found it on level 3 of the Depths)

   Int:       It affects your intelligence (-4).
   rN:        It protects you from negative energy.
 l - a +2 helmet (worn)
 o - a +0 pair of boots of flying (worn)
 v - the +5 kite shield "Famest" {rElec Will+ rCorr}
   (You found it on level 6 of the Dungeon)

   rElec:     It insulates you from electricity.
   rCorr:     It protects you from acid and corrosion.
   Will:      It increases your willpower.
 z - a +13 crystal plate armour (worn)
 M - a scarf of resistance (worn)
 P - a +2 pair of gloves (worn)
Jewellery
 d - an amulet of reflection
 m - a ring of positive energy
 n - the ring "Ykitoz" (right hand) {rC+ Str+6 Int-2 Dex+3}
   (You found it on level 8 of the Dungeon)

   [ring of strength]

   Str:       It affects your strength (+6).
   Int:       It affects your intelligence (-2).
   Dex:       It affects your dexterity (+3).
   rC:        It protects you from cold.
 t - a ring of see invisible
 y - a ring of willpower
 B - a ring of resist corrosion
 D - a ring of fire
 G - an amulet of the acrobat
 H - a +6 ring of dexterity
 J - a +4 ring of slaying (left hand)
 N - the ring of Xom's Sleight of Hands {rF+ rC+}
   (You found it on level 3 of the Elven Halls)

   [ring of protection from fire]

   rF:        It protects you from fire.
   rC:        It protects you from cold.
 R - an amulet of magic regeneration (around neck)
 Y - the ring "Yjecezaitz" {Fire Will- Int+7 Dex+3 SInv}
   (You took it off a deep elf death mage on level 3 of the Elven Halls)

   [ring of fire]

   It enhances your fire magic.
   Int:       It affects your intelligence (+7).
   Dex:       It affects your dexterity (+3).
   rF:        It protects you from fire.
   rC:        It makes you vulnerable to cold.
   SInv:      It lets you see invisible.
   Will:      It decreases your willpower.
Wands
 c - a wand of iceblast (80)
 g - a wand of paralysis (43)
 p - a wand of mindburst (30)
 F - a wand of acid (21)
 Q - a wand of digging (6)
Scrolls
 a - 4 scrolls of summoning
 h - 4 scrolls of silence
 i - 9 scrolls of magic mapping
 s - 6 scrolls of blinking
 x - 18 scrolls of teleportation
 L - 4 scrolls of fog
 O - 24 scrolls of identify
 W - a scroll of holy word
 X - a scroll of fear
Potions
 e - 5 potions of brilliance
 f - a potion of ambrosia
 r - 4 potions of magic
 u - 14 potions of curing
 A - a potion of haste
 C - 13 potions of flight
 I - 4 potions of might
 S - a potion of cancellation
 T - a potion of mutation
 U - a potion of resistance
Miscellaneous
 k - a box of beasts
 q - a phantom mirror
 K - a condenser vane
 V - a piece from Xom's chessboard (15/15)
 Z - a phial of floods


   Skills:
 - Level 25.0 Fighting
 - Level 16.0 Maces & Flails
 - Level 19.1 Armour
 - Level 12.1 Dodging
 * Level 24.9 Shields
 - Level 14.3 Evocations


You had 26 spell levels left.
You didn't know any spells.
Your spell library contained the following spells:

 Spells                   Type           Power      Damage    Failure   Level
 Beastly Appendage        Tmut           0%         N/A       100%        1
 Freeze                   Ice            0%         1d3       100%        1
 Magic Dart               Conj           0%         1d3       100%        1
 Pain                     Necr           0%         1d4       100%        1
 Shock                    Conj/Air       0%         1d3       100%        1
 Slow                     Hex            0%         N/A       100%        1
 Sting                    Tmut/Pois      0%         1d3       100%        1
 Summon Small Mammal      Summ           0%         N/A       100%        1
 Blink                    Tloc           0%         N/A       100%        2
 Corpse Rot               Necr/Air       0%         N/A       100%        2
 Poisonous Vapours        Pois/Air       0%         N/A       100%        2
 Scorch                   Fire           0%         2d5       100%        2
 Searing Ray              Conj           0%         2d4       100%        2
 Static Discharge         Conj/Air       0%         N/A       100%        2
 Sublimation of Blood     Necr           0%         N/A       100%        2
 Wereblood                Tmut           0%         N/A       100%        2
 Call Canine Familiar     Summ           0%         N/A       100%        3
 Confusing Touch          Hex            0%         N/A       100%        3
 Dazzling Flash           Conj/Hex       0%         N/A       100%        3
 Frozen Ramparts          Ice            0%         1d2       100%        3
 Portal Projectile        Hex/Tloc       0%         N/A       100%        3
 Spider Form              Tmut/Pois      0%         N/A       100%        3
 Summon Guardian Golem    Hex/Summ       0%         N/A       100%        3
 Vampiric Draining        Necr           0%         2d6       100%        3
 Animate Dead             Necr           0%         N/A       100%        4
 Cause Fear               Hex            0%         N/A       100%        4
 Dispel Undead            Necr           0%         3d6       100%        4
 Flame Wave               Conj/Fire      0%         2d4       100%        4
 Fulminant Prism          Conj/Hex       0%         3d6       100%        4
 Hailstorm                Conj/Ice       0%         3d3       100%        4
 Ice Form                 Ice/Tmut       0%         N/A       100%        4
 Iskenderun's Mystic Bla  Conj/Tloc      0%         2d3       100%        4
 Leda's Liquefaction      Hex/Erth       0%         N/A       100%        4
 Olgreb's Toxic Radiance  Pois           0%         N/A       100%        4
 Petrify                  Tmut/Erth      0%         N/A       100%        4
 Sticky Flame             Conj/Fire      0%         2d3       100%        4
 Agony                    Necr           0%         N/A       100%        5
 Blade Hands              Tmut           0%         N/A       100%        5
 Excruciating Wounds      Necr           0%         N/A       100%        5
 Fireball                 Conj/Fire      0%         3d3       100%        5
 Freezing Cloud           Conj/Ice/Air   0%         6-21      100%        5
 Iskenderun's Battlesphe  Conj           0%         2d6       100%        5
 Lee's Rapid Deconstruct  Erth           0%         3d5*      100%        5
 Manifold Assault         Tloc           0%         N/A       100%        5
 Metabolic Englaciation   Hex/Ice        0%         N/A       100%        5
 Summon Forest            Summ/Tloc      0%         N/A       100%        5
 Conjure Ball Lightning   Conj/Air       0%         3x3d6     100%        6
 Death Channel            Necr           0%         N/A       100%        6
 Eringya's Noxious Bog    Tmut/Pois      0%         N/A       100%        6
 Iron Shot                Conj/Erth      0%         9d1       100%        6
 Simulacrum               Ice/Necr       0%         N/A       100%        6
 Starburst                Conj/Fire      0%         6d3       100%        6
 Statue Form              Tmut/Erth      0%         N/A       100%        6
 Summon Cactus Giant      Summ           0%         N/A       100%        6
 Dragon Form              Tmut           0%         N/A       100%        7
 Haunt                    Necr/Summ      0%         N/A       100%        7
 Orb of Destruction       Conj           0%         N/A       100%        7
 Ozocubu's Refrigeration  Ice            0%         4d5       100%        7
 Spellforged Servitor     Conj/Summ      0%         N/A       100%        7
 Storm Form               Tmut/Air       0%         N/A       100%        7
 Summon Hydra             Summ           0%         N/A       100%        7
 Borgnjor's Revivificati  Necr           0%         N/A       100%        8
 Ignition                 Fire           0%         3d3       100%        8
 Infestation              Necr           0%         N/A       100%        8
 Necromutation            Tmut/Necr      0%         N/A       100%        8
 Chain Lightning          Conj/Air       0%         N/A       100%        9
 Death's Door             Necr           0%         N/A       100%        9
 Dragon's Call            Summ           0%         N/A       100%        9
 Polar Vortex             Ice            0%         N/A       100%        9


Dungeon Overview and Level Annotations

Branches:
Dungeon (15/15)            Temple (0/1) D:6            Lair (6/6) D:9
 Shoals (0/4) Lair:4        Snake (4/4) Lair:4        Slime (0/5) Lair:5
    Orc (2/2) D:11            Elf (3/3) Orc:2        Vaults (5/5) D:13
  Crypt (0/3) Vaults:2     Depths (4/4) D:15            Zot (5/5) Depths:4
  IceCv (visited)

Altars:
Ashenzari
Elyvilon
Makhleb
Okawaru
Sif Muna
Vehumet
Xom
Beogh
Lugonu

Shops:
Orc:1 *   Orc:2 *([:   Elf:1 *(??   Elf:2 (   Snake:4 :=(!   Vaults:1 *
Vaults:2 =   Vaults:3 ?   Vaults:5 *   Depths:2 [

Portals:
Hell: Depths:1 Depths:2 Depths:3
Abyss: Depths:1 Depths:3
Pandemonium: Depths:2
Ziggurat: Depths:1
Bazaar: Elf:3


Innate Abilities, Weirdness & Mutations

You have razor-sharp teeth.
You heal very quickly.
When hurt, damage is shared between your health and your magic reserves.
Your bite disrupts and absorbs the magic of your enemies.
Potions cannot restore your health.
You have hoof-like feet.
You are partially covered in iridescent scales. (AC +2)
You are partially covered in large bone plates. (SH +4)
You have a somewhat thin skeletal structure. (Dex +2, Stealth+)
Your skin changes colour to match your surroundings (Stealth+).
You are clumsy. (Dex -2)
Your flesh is cold resistant. (rC+)
You are dopey. (Int -2)
Your flesh is very heat resistant. (rF++)
You are somewhat resistant to further mutation.
Your system is resistant to poisons. (rPois)
Your spells are a little harder to cast, but a little more powerful.
You expend magic power (3 MP) to strengthen your wands.
Your movements are slightly less encumbered by armour. (ER -2)


Message History

The soul eater is severely wounded.
You sock the soul eater! Your bite misses the soul eater.
The soul eater is almost dead.
You block the demonspawn black sun's attack.
You block the soul eater's attack.
You hit the soul eater.
You kill the soul eater!
You block the demonspawn black sun's attack.
You block the demonspawn black sun's attack.
You puncture the demonspawn black sun! You drain the demonspawn black sun.
You bite the demonspawn black sun, but do no damage.
The demonspawn black sun is lightly wounded.
You block the demonspawn black sun's attack.
You impale the demonspawn black sun!! You drain the demonspawn black sun.
Your bite misses the demonspawn black sun.
The demonspawn black sun is heavily wounded.
You bludgeon the demonspawn black sun!! You drain the demonspawn black sun.
You bite the demonspawn black sun, but do no damage.
The demonspawn black sun is severely wounded.
The demonspawn black sun invokes the aid of Kikubaaqudgha against you.
The bolt of negative energy hits you but does no damage.
You partially resist.
You puncture the demonspawn black sun! You drain the demonspawn black sun.
Your bite misses the demonspawn black sun.
The demonspawn black sun is almost dead.
The demonspawn black sun hits you but does no damage.
Unknown command.
You puncture the demonspawn black sun!
You kill the demonspawn black sun!
Things that are here:
a +2 demon trident of venom; a +0 plate armour; a demonspawn corpse Unknown command.
Unknown command.
Unknown command.
There is an escape hatch in the ceiling here.
A mysterious force pulls you upwards. The hatch slams shut behind you.
There is an open door here.
There is a large open door here.
There is a staircase leading out of the dungeon here.
You have escaped!

##################
#≈≈P≈≈P≈PP≈P≈P≈≈.P
#≈≈≈≈≈≈P≈≈PP≈≈P≈P.
#≈≈≈≈≈≈≈≈≈P≈≈≈≈PP≈
#≈≈≈≈≈≈≈≈≈≈≈≈≈≈≈≈≈
#≈.≈≈≈≈≈≈≈≈≈≈≈≈≈≈≈
#P..≈..≈≈≈≈≈..≈≈≈.
#.#≈.≈#.≈.≈.##.≈.#
#@######.P.####.##
######################
#..............†......
####.....##...........
#.#.....##>..........
#.#.....##.#.######.#
#.#.....##.#.#### #.#
#.#.....##.#....# #.#
#.#.....##.#..#.###.#


There were no monsters in sight!

Vanquished Creatures
  3 dread liches
  12 orbs of fire
  3 ancient liches
  3 Killer Klowns (Zot:5)
  Vashnia (Snake:3)
  Margery (Vaults:4)
  9 golden dragons
  A profane servitor (D:14)
  3 bone dragons
  4 electric golems
  A walking crystal tome (Depths:2)
  A Hell Sentinel (D:12)
  4 liches
  13 tentacled monstrosities
  5 titans
  Asterion (Depths:2)
  2 deep elf master archers (Elf:3)
  23 Orb Guardians
  5 deep elf blademasters
  The ghost of bmj180 the Executioner, an adept MiFi of Okawaru (Elf:2)
  4 quicksilver dragons (Zot:3)
  Agnes (Snake:1)
  An Executioner (Zot:5)
  9 death cobs
  Frances (Snake:1)
  An ancient champion (Vaults:2)
  7 tengu reavers
  6 tentacled starspawn (Abyss:3)
  16 storm dragons
  7 shadow dragons
  6 sphinxes
  A rockslime (Zot:4)
  6 nagarajas (Snake:4)
  8 fire giants
  11 frost giants
  A daeva (Abyss:3)
  4 orc warlords
  A ghost moth (Zot:3)
  3 draconian knights
  8 deep elf sorcerers
  22 vault wardens
  8 draconian scorchers
  An iron dragon (Vaults:5)
  A juggernaut zombie (Depths:3)
  4 spriggan defenders (Depths:2)
  8 draconian shifters
  An emperor scorpion (Lair:6)
  6 draconian stormcallers
  Aizul (Snake:2)
  A reaper (Zot:3)
  3 deep elf elementalists
  3 draconian annihilators
  13 very ugly things
  23 stone giants
  An ophan (Abyss:3)
  3 war gargoyles
  20 ironbound preservers
  9 green draconians
  6 dire elephants
  8 deep elf demonologists
  Nessos (D:13)
  A demonspawn black sun (D:2)
  11 white draconians
  6 yellow draconians
  4 deep elf annihilators
  6 black draconians
  11 spark wasps
  17 red draconians
  An entropy weaver (Vaults:1)
  The ghost of Anon1729 the Fighter, a journeyman MiMo of Ru (Lair:2)
  3 purple draconians
  5 deep elf death magi
  A merfolk javelineer (Depths:3)
  A green death (Depths:2)
  A crystal guardian (Vaults:4)
  2 blizzard demons
  8 fire dragons
  10 great orbs of eyes
  2 merfolk impalers
  22 ettins
  15 yaktaur captains
  2 jiangshi (Depths:3)
  A shambling mangrove (Abyss:3)
  4 deep elf high priests
  A great orb of eyes (shapeshifter) (Vaults:5)
  14 naga warriors
  3 salamander tyrants (Snake:4)
  Harold (D:10)
  34 vault guards
  5 ironbound thunderhulks
  3 ogre magi
  3 peacekeepers
  5 boulder beetles
  5 rakshasas
  12 ice dragons
  A merfolk avatar (Lair:6)
  13 hydras
  6 centaur warriors
  3 spriggan air magi
  A death knight (Vaults:2)
  10 ironbound frosthearts
  A catoblepas (Lair:6)
  Erica (D:8)
  A satyr (Abyss:3)
  2 orc high priests (Elf:1)
  37 dancing weapons
  9 anacondas
  13 two-headed ogres
  17 death yaks
  8 deep troll shamans
  12 deep troll earth magi
  2 vampire magi
  18 naga sharpshooters
  7 shock serpents
  A spriggan berserker (Depths:2)
  4 tengu warriors
  11 hell knights
  2 sun demons
  Nergalle (D:11)
  2 spatial maelstroms (Abyss:3)
  19 deep elf knights
  2 soul eaters
  A storm dragon zombie (Depths:3)
  5 thrashing horrors (Abyss:3)
  6 wretched stars (Abyss:3)
  12 iron trolls
  A golden dragon zombie (Depths:3)
  A titan skeleton (Abyss:3)
  A skeletal warrior (Vaults:2)
  2 sixfirhies (Abyss:3)
  2 sea snakes
  3 salamander mystics (Snake:4)
  56 deep trolls
  11 wizards
  A bog body (IceCv)
  16 deep elf archers
  A shadow demon (Abyss:3)
  A swamp dragon (Vaults:4)
  A tengu zombie (Depths:3)
  18 ironbound convokers
  27 large abominations
  3 glowing orange brains
  7 naga ritualists
  4 flayed ghosts
  4 lindwurms (Vaults:1)
  5 phantasmal warriors
  2 harpies
  6 necromancers
  27 deep elf pyromancers
  14 orc knights
  An obsidian statue (Zot:5)
  17 mana vipers
  3 orc sorcerers
  15 salamanders
  25 deep elf zephyrmancers
  A cyclops (shapeshifter) (Depths:2)
  48 ugly things
  A shining eye (shapeshifter) (Snake:2)
  4 worldbinders (Abyss:3)
  3 oklob plants (Lair:5)
  3 manticores
  33 black mambas
  An elephant (shapeshifter) (Vaults:3)
  An iron dragon skeleton (Vaults:4)
  22 moths of wrath
  12 guardian serpents
  8 smoke demons
  6 elephants
  A guardian serpent (shapeshifter) (Vaults:5)
  A rust devil (Depths:2)
  16 naga magi
  25 vault sentinels
  2 water nymphs (Abyss:3)
  2 ice statues (IceCv)
  Joseph (D:8)
  An apocalypse crab (Abyss:3)
  2 eyes of devastation
  2 orange demons
  Psyche (D:11)
  A gargoyle (D:14)
  14 komodo dragons
  4 efreet
  10 cane toads
  13 yaktaurs
  5 rime drakes
  2 rime drakes (shapeshifter)
  An unseen horror (shapeshifter) (Vaults:5)
  An entropy weaver simulacrum (IceCv)
  6 unseen horrors
  2 freezing wraiths
  A spark wasp simulacrum (Depths:3)
  A kobold demonologist (Abyss:3)
  A red devil (Depths:2)
  A silent spectre (Abyss:3)
  A burning bush (Lair:1)
  3 anaconda simulacra
  4 tengu conjurers
  7 ice devils
  A jumping spider (shapeshifter) (Vaults:5)
  3 hellwings (Abyss:3)
  5 ancient zymes (Abyss:3)
  2 wind drakes
  2 hornets (Depths:2)
  A queen bee (D:10)
  A meliai (shapeshifter) (Vaults:3)
  3 trolls
  4 polar bears
  A wind drake (shapeshifter) (Elf:1)
  A dream sheep (shapeshifter) (Vaults:5)
  Grinder (D:5)
  19 slime creatures
  21 dream sheep
  4 raiju (Abyss:3)
  12 blink frogs
  4 air elementals
  A frost giant simulacrum (Vaults:4)
  A snapping turtle (Lair:4)
  Sigmund (D:5)
  2 ettin skeletons
  3 flying skulls (Abyss:3)
  11 redbacks
  7 spriggans (Depths:2)
  6 wraiths
  A spriggan (shapeshifter) (Snake:4)
  23 starcursed masses (Abyss:3)
  5 wyverns
  A hog (shapeshifter) (Vaults:5)
  10 water elementals
  3 ynoxinuls (Abyss:3)
  A dire elephant simulacrum (IceCv)
  57 yaks
  A human (D:11)
  Eustachio (D:5)
  25 fire elementals
  A fire bat (Lair:1)
  4 chaos spawn
  6 vampire mosquitoes
  Menkaure (D:7)
  8 basilisks
  7 neqoxecs (Abyss:3)
  A steam dragon (D:6)
  3 spatial vortices (Abyss:3)
  6 harpy simulacra (IceCv)
  An acid dragon (shapeshifter) (D:13)
  45 nagas
  A swamp worm (Vaults:3)
  10 wargs
  An acid dragon (D:11)
  15 water moccasins
  3 floating eyes
  An ice beast (D:6)
  34 orc warriors
  2 sky beasts
  3 black bears
  15 ogres
  6 wolves
  16 centaurs
  A tengu (shapeshifter) (D:15)
  2 necrophages
  A boggart (Vaults:2)
  2 kobold brigands (D:13)
  9 bullfrogs
  3 earth elementals
  3 scorpions
  A gnoll sergeant (D:7)
  13 small abominations
  A two-headed ogre simulacrum (IceCv)
  6 killer bees
  Dowan (D:5)
  3 wights (D:8)
  7 howler monkeys
  2 lava snakes (D:15)
  4 centaur zombies
  A quasit (Abyss:3)
  3 hounds
  A jelly (D:6)
  2 centaur skeletons (D:7)
  21 orc priests
  3 iguanas
  Ijyb (D:5)
  18 orc wizards
  7 hell rats
  A spriggan simulacrum (IceCv)
  A troll simulacrum (IceCv)
  A wolf simulacrum (IceCv)
  9 gnolls
  4 howler monkey zombies
  A howler monkey skeleton (D:7)
  5 river rats (Lair:3)
  3 adders (D:2)
  A shadow imp (D:6)
  A white imp (Abyss:3)
  4 ufetubi
  An adder zombie (D:5)
  An adder skeleton (D:4)
  3 worms
  2 dart slugs
  91 orcs
  10 endoplasms
  2 giant cockroaches (D:1)
  5 goblins
  7 hobgoblins
  3 jackals (D:2)
  12 kobolds
  3 quokkas (D:2)
  7 ball pythons
  2 bats
  3 frilled lizards
  5 rats
  A starspawn tentacle (Abyss:3)
2080 creatures vanquished.

Vanquished Creatures (collateral kills)
  A Killer Klown (Zot:5)
  3 Orb Guardians (Zot:5)
  A fire giant (Depths:2)
  An iron dragon (Elf:1)
  A vault warden (Vaults:1)
  A stone giant (Depths:3)
  A deep elf annihilator (Vaults:1)
  A fire dragon (Depths:4)
  A deep elf high priest (Elf:1)
  A yaktaur captain (Vaults:1)
  A vault guard (Vaults:4)
  An anaconda (Snake:2)
  A deep troll earth mage (Vaults:1)
  A deep elf knight (Elf:3)
  An iron troll (Depths:2)
  A salamander mystic (Snake:3)
  A deep troll (Depths:2)
  An obsidian statue (Vaults:1)
  A phantasmal warrior (Vaults:1)
  2 deep elf pyromancers
  A lindwurm (Vaults:1)
  A manticore (D:12)
  2 salamanders
  An elephant (shapeshifter) (Vaults:1)
  A black mamba (Snake:2)
  A naga mage (Snake:1)
  A tengu conjurer (Depths:2)
  A slime creature (D:15)
  A hornet (Depths:2)
  A yak (Lair:3)
  A spatial vortex (Abyss:3)
  A naga (Snake:2)
  Duvessa (D:5)
  An orc warrior (Orc:2)
  A necrophage (D:5)
  An orc wizard (D:5)
  3 orcs
  A starspawn tentacle (Abyss:3)
44 creatures vanquished.

Vanquished Creatures (others)
  A dread lich (Vaults:5)
  A lich (Depths:4)
  A deep elf elementalist (Elf:3)
  Josephine (Orc:1)
  8 dancing weapons
  A deep elf knight (Depths:3)
  A wizard (Vaults:2)
  A moth of wrath (Zot:4)
  A blink frog (Abyss:3)
  A wyvern (D:9)
  3 wraiths (Orc:1)
  A steam dragon (D:6)
  A naga (Snake:4)
  A floating eye (Depths:2)
  An orc warrior (Orc:1)
  An orc priest (Orc:1)
  3 orc wizards
  8 orcs
  2 bushes
  3 demonic plants (Abyss:4)
  49 fungi
  63 plants
  23 starspawn tentacles (Abyss:3)
176 creatures vanquished.

Grand Total: 2300 creatures vanquished

Notes
Turn   | Place    | Note
-------+----------+-------------------------------------------
     0 | D:1      | VineThatTabs the Vine Stalker Fighter began the quest for
                  | the Orb.
     0 | D:1      | Reached XP level 1. HP: 11/11 MP: 2/2
   177 | D:1      | Reached XP level 2. HP: 8/16 MP: 0/3
   475 | D:1      | Found a faded altar of an unknown god.
   478 | D:1      | Got Plato's Almanac of Lightness
   513 | D:1      | Prayed at the altar of an unknown god.
   513 | D:1      | Became a worshipper of Xom of Bone-Dry Humour
   663 | D:1      | XOM: silly message
   682 | D:1      | XOM: silly message
  1247 | D:2      | Reached XP level 3. HP: 12/19 MP: 4/4
  1416 | D:2      | Reached skill level 3 in Fighting
  1450 | D:2      | XOM: silly message
  1568 | D:2      | XOM: silly message
  1762 | D:2      | Gained mutation: Your natural rate of healing is unusually
                  | fast. [Vine Stalker growth]
  1762 | D:2      | Reached XP level 4. HP: 24/24 MP: 5/5
  2037 | D:2      | XOM: silly message
  2085 | D:2      | XOM: silly message
  2090 | D:2      | XOM: potion effect (brilliance)
  2256 | D:3      | XOM: silly message
  2267 | D:3      | Reached XP level 5. HP: 26/28 MP: 4/6
  2588 | D:4      | XOM: summons 2 hostile shadow creatures
  2589 | D:4      | Noticed an ogre
  2592 | D:4      | Noticed an ogre
  2606 | D:4      | Noticed a sky beast
  2606 | D:4      | XOM: 2-stop teleportation journey
  2613 | D:4      | Noticed a black bear
  2617 | D:4      | XOM: swap monsters
  2619 | D:4      | XOM: swap monsters
  2624 | D:4      | Killed a black bear
  2655 | D:4      | Killed a sky beast
  2656 | D:4      | Reached XP level 6. HP: 20/33 MP: 3/7
  2688 | D:4      | Reached skill level 4 in Fighting
  2903 | D:4      | XOM: enchant monster (bad)
  2913 | D:4      | Reached skill level 5 in Maces & Flails
  2913 | D:4      | Reached XP level 7. HP: 24/37 MP: 8/8
  3056 | D:5      | Entered Level 5 of the Dungeon
  3058 | D:5      | Noticed Sigmund
  3179 | D:5      | Noticed Grinder
  3180 | D:5      | Paralysed by Grinder for 7 turns
  3187 | D:5      | XOM: blink monster(s)
  3192 | D:5      | XOM: summons friendly quasit
  3201 | D:5      | Killed Grinder
  3241 | D:5      | Noticed Duvessa
  3241 | D:5      | Noticed Dowan
  3244 | D:5      | XOM: summons 4 friendly demons
  3251 | D:5      | Killed Duvessa
  3252 | D:5      | Gained mutation: You have razor-sharp teeth. [Vine Stalker
                  | growth]
  3252 | D:5      | Reached XP level 8. HP: 42/42 MP: 9/9
  3259 | D:5      | Killed Dowan
  3260 | D:5      | Reached skill level 5 in Fighting
  3371 | D:5      | Killed Sigmund
  3421 | D:5      | XOM: divination: detect creatures
  3471 | D:5      | XOM: summons 5 hostile demons
  3569 | D:5      | XOM: cast spell 'Monstrous Menagerie'
  3608 | D:5      | XOM: silly message
  3716 | D:5      | Noticed Eustachio
  3730 | D:5      | Killed Eustachio
  3758 | D:5      | Noticed Ijyb
  3761 | D:5      | Paralysed by Ijyb for 7 turns
  3762 | D:5      | XOM: smoke on damage
  3771 | D:5      | Killed Ijyb
  3807 | D:5      | XOM: god gift: 4 stones
  3843 | D:5      | XOM: silly message
  3956 | D:5      | XOM: god gift: 36 gold pieces
  4103 | D:5      | XOM: noise
  4132 | D:6      | Identified the +5 kite shield "Famest" {rElec Will+ rCorr}
  4151 | D:6      | Found a staircase to the Ecumenical Temple.
  4232 | D:6      | Reached skill level 6 in Fighting
  4267 | D:6      | Reached XP level 9. HP: 44/48 MP: 10/10
  4286 | D:6      | XOM: noise
  4325 | D:6      | Reached skill level 1 in Dodging
  4393 | D:6      | Found a shimmering blue altar of Sif Muna.
  4538 | D:6      | Found a burning altar of Makhleb.
  4820 | D:6      | Reached skill level 5 in Shields
  5315 | D:7      | XOM: silly message
  5332 | D:7      | XOM: silly message
  5425 | D:7      | XOM: noise
  5510 | D:7      | Noticed Menkaure
  5510 | D:7      | XOM: 2-stop teleportation journey
  5515 | D:7      | Killed Menkaure
  5663 | D:7      | XOM: cloud trail
  5736 | D:7      | XOM: confuse monster(s)
  5753 | D:7      | XOM: noise
  5922 | D:7      | XOM is BORED!
  6110 | D:7      | XOM: give mutations
  6110 | D:7      | Gained mutation: You passively map a small area around you.
                  | [Xom's grace]
  6110 | D:7      | Gained mutation: You have an increased reservoir of magic.
                  | (+10% MP) [Xom's grace]
  6110 | D:7      | Gained mutation: You are resistant to electric shocks.
                  | (rElec) [Xom's grace]
  6169 | D:7      | Reached XP level 10. HP: 49/53 MP: 12/12
  6298 | D:8      | Noticed Joseph
  6298 | D:8      | XOM: enchant monster (bad)
  6302 | D:8      | XOM: swap monsters
  6330 | D:8      | XOM: confusion
  6350 | D:8      | XOM: stat loss: -1 Int (7/8)
  6369 | D:8      | Killed Joseph
  6370 | D:8      | Reached skill level 7 in Fighting
  6428 | D:8      | Noticed a two-headed ogre
  6446 | D:8      | XOM: silly message
  6463 | D:8      | Noticed a wolf spider
  6463 | D:8      | a two-headed ogre changed into a wolf spider
  6463 | D:8      | XOM: polymorph two-headed ogre -> wolf spider
  6473 | D:8      | Noticed an ice dragon
  6473 | D:8      | a wolf spider changed into an ice dragon
  6473 | D:8      | XOM: polymorph wolf spider -> ice dragon
  6582 | D:7      | XOM: silly message
  6634 | D:7      | XOM: draining
  6703 | D:8      | Identified the ring "Ykitoz" {rC+ Str+6 Int-2 Dex+3}
  6731 | D:8      | XOM: cast spell 'Summon Small Mammal'
  6950 | D:8      | Found a broken altar of Ashenzari.
  6959 | D:8      | Noticed Erica
  7032 | D:8      | Killed Erica
  7050 | D:8      | XOM: 1-stop teleportation journey
  7254 | D:9      | Reached skill level 10 in Maces & Flails
  7278 | D:9      | XOM: divination: detect items
  7308 | D:9      | Noticed a two-headed ogre
  7316 | D:9      | XOM: fog
  7328 | D:9      | Killed a two-headed ogre
  7345 | D:9      | Noticed an elephant
  7346 | D:9      | XOM: swap monsters
  7354 | D:9      | XOM: divine lightning
  7365 | D:9      | Killed an elephant
  7405 | D:9      | Found a staircase to the Lair.
  7413 | D:9      | XOM: 6-stop teleportation journey
  7421 | D:9      | XOM: chaos upgrade
  7433 | D:9      | XOM: enchant monster (bad)
  7447 | D:8      | XOM: give mutation
  7447 | D:8      | Gained mutation: You occasionally shout uncontrollably at
                  | your foes. [Xom's mischief]
  7592 | D:9      | Reached XP level 11. HP: 60/60 MP: 13/13
  7973 | D:10     | Entered Level 10 of the Dungeon
  8000 | D:10     | Noticed Sonja
  8010 | D:10     | Noticed Sonja
  8010 | D:10     | Sonja changed into Sonja the cane toad
  8010 | D:10     | XOM: polymorph Sonja -> Sonja the cane toad
  8015 | D:10     | Noticed Sonja
  8015 | D:10     | Sonja the cane toad changed into Sonja the queen bee
  8015 | D:10     | XOM: polymorph Sonja the cane toad -> Sonja the queen bee
  8019 | D:10     | Killed Sonja the queen bee
  8025 | D:10     | XOM: 2-stop teleportation journey
  8134 | D:10     | XOM: 1-stop teleportation journey
  8159 | D:10     | Reached skill level 8 in Fighting
  8172 | D:10     | XOM: stat loss: -1 Str (26/27)
  8186 | D:10     | XOM: confuse monster(s)
  8196 | D:10     | XOM: summons friendly shadow imp
  8478 | D:10     | Identified the +1 scale mail "Hoitihil" {rF+}
  8529 | D:11     | XOM: silly message
  8543 | D:11     | XOM: confusion
  8547 | D:11     | Noticed Psyche
  8548 | D:11     | XOM: silly message
  8569 | D:11     | XOM: enchant monster (good)
  8584 | D:11     | XOM: noise
  8596 | D:11     | Noticed a brown ugly thing
  8610 | D:11     | Killed a brown ugly thing
  8616 | D:11     | XOM: silly message
  8632 | D:11     | Killed Psyche
  8659 | D:11     | Noticed a two-headed ogre
  8667 | D:11     | Killed a two-headed ogre
  8669 | D:11     | Found a staircase to the Orcish Mines.
  8914 | D:12     | Noticed a four-headed hydra
  8921 | D:12     | Killed a four-headed hydra
  9085 | D:11     | Noticed Nergalle
  9093 | D:11     | Killed Nergalle
  9146 | D:11     | XOM: smoke on damage
  9173 | D:11     | XOM: polymorph yak -> polar bear
  9193 | D:11     | Reached XP level 12. HP: 61/65 MP: 14/14
  9193 | D:11     | XOM: noise
  9236 | D:11     | XOM: summons 2 friendly demons
  9246 | D:11     | Reached skill level 10 in Shields
  9317 | D:11     | XOM: scenery: 1 doors open
  9610 | D:11     | Reached skill level 9 in Fighting
  9669 | Lair:1   | Entered Level 1 of the Lair of Beasts
  9686 | Lair:1   | XOM: polymorph water moccasin -> fire bat
 10029 | Lair:1   | XOM: god gift: hunting sling {god gift}
 10042 | Lair:1   | XOM: summons 7 hostile demons
 10404 | Lair:2   | XOM: divination: magic mapping
 10593 | Lair:2   | XOM: confusion (+ monsters)
 10608 | Lair:2   | XOM: potion effect (berserk rage)
 11094 | Lair:2   | Found a runed translucent door.
 11094 | Lair:2   | Noticed Anon1729's ghost (journeyman MiMo)
 11403 | Lair:2   | Killed Anon1729's ghost
 11449 | Lair:3   | XOM: cleaving
 11459 | Lair:3   | Noticed a six-headed hydra
 11468 | Lair:3   | Killed a six-headed hydra
 11611 | Lair:3   | Reached XP level 13. HP: 63/71 MP: 15/15
 11650 | Lair:3   | XOM: divination: magic mapping
 11809 | Lair:3   | XOM: give mutations
 11809 | Lair:3   | Gained mutation: You are somewhat resistant to further
                  | mutation. [Xom's mischief]
 11809 | Lair:3   | Gained mutation: You are frail. (-10% HP) [Xom's mischief]
 11809 | Lair:3   | Gained mutation: You are dopey. (Int -2) [Xom's mischief]
 11842 | Lair:3   | XOM: cast spell 'Leda's Liquefaction'
 12060 | Lair:3   | XOM: enchant monster (bad)
 12121 | Lair:3   | XOM: cast spell 'Summon Mana Viper'
 12122 | Lair:3   | Reached skill level 10 in Fighting
 12279 | Lair:3   | XOM: scenery: summon butterflies
 12695 | Lair:4   | XOM: silly message
 12718 | Lair:4   | XOM: enchant monster (bad)
 12787 | Lair:4   | Found a staircase to the Shoals.
 12808 | Lair:4   | XOM is BORED!
 12808 | Lair:4   | XOM: summons 7 hostile demons
 12904 | Lair:4   | XOM: polymorph dream sheep -> snapping turtle
 12915 | Lair:4   | XOM: butterfly on damage
 12943 | Lair:4   | XOM: fog
 12976 | Lair:4   | Found a staircase to the Snake Pit.
 13174 | Lair:4   | XOM: god gift: 40 gold pieces
 13296 | Lair:5   | XOM: fog
 13578 | Lair:5   | XOM: summons 2 friendly demons
 13579 | Lair:5   | XOM: silly message
 13581 | Lair:5   | XOM: silly message
 13583 | Lair:5   | XOM: cast spell 'Dispersal'
 13597 | Lair:5   | XOM: enchant monster (bad)
 13619 | Lair:5   | XOM: 3-stop teleportation journey
 13622 | Lair:5   | Paralysed by a floating eye for 2 turns
 13628 | Lair:5   | Paralysed by a floating eye for 3 turns
 13646 | Lair:5   | XOM: polymorph blink frog -> something unseen
 13681 | Lair:5   | XOM: stat loss: -1 Int (3/4)
 13707 | Lair:5   | Found a staircase to the Slime Pits.
 13743 | Lair:5   | XOM: divination: detect creatures
 13749 | Lair:5   | XOM: divination: detect items
 13770 | Lair:5   | XOM: cast spell 'Summon Small Mammal'
 13794 | Lair:5   | XOM: cast spell 'Summon Ice Beast'
 13838 | Lair:5   | XOM: silly message
 13859 | Lair:5   | XOM: potion effect (berserk rage)
 13865 | Lair:5   | XOM: potion effect (brilliance)
 13868 | Lair:5   | XOM: potion effect (invisibility)
 13899 | Lair:5   | Reached XP level 14. HP: 69/69 MP: 16/16
 13907 | Lair:5   | Reached skill level 11 in Fighting
 13945 | Lair:5   | XOM: divination: detect creatures
 13980 | Lair:5   | Identified the +1 ring mail "Cueczas" {rElec}
 14281 | Lair:5   | XOM: give mutation
 14281 | Lair:5   | Lost mutation: You are dopey. (Int -2) [Xom's mischief]
 14378 | Lair:5   | XOM: stat loss: -1 Dex (25/26)
 14393 | Lair:5   | XOM: give mutations
 14393 | Lair:5   | Lost mutation: You passively map a small area around you.
                  | [Xom's mischief]
 14393 | Lair:5   | Lost mutation: You are frail. (-10% HP) [Xom's mischief]
 14412 | Lair:6   | Entered Level 6 of the Lair of Beasts
 14418 | Lair:6   | XOM: butterfly on damage
 14594 | Lair:6   | XOM: destruction
 14642 | Lair:6   | XOM: divination: detect creatures
 14646 | Lair:6   | XOM: cast spell 'Death Channel'
 14652 | Lair:6   | Reached skill level 5 in Dodging
 14652 | Lair:6   | Reached XP level 15. HP: 60/83 MP: 13/17
 14652 | Lair:6   | XOM: silly message
 14655 | Lair:6   | XOM: confuse monster(s)
 14715 | Lair:5   | XOM: give mutations
 14715 | Lair:5   | Gained mutation: Your spells are a little easier to cast,
                  | but a little less powerful. [Xom's mischief]
 14715 | Lair:5   | Gained mutation: You are dopey. (Int -2) [Xom's mischief]
 14860 | Lair:5   | XOM: cloud trail
 14894 | Lair:5   | Reached XP level 16. HP: 87/87 MP: 18/18
 14982 | Lair:6   | XOM: polymorph eight-headed hydra -> emperor scorpion
 15003 | Lair:6   | XOM: swap monsters
 15009 | Lair:6   | XOM: confuse monster(s)
 15109 | Lair:6   | XOM: swap monsters
 15368 | Lair:6   | XOM: destruction
 15390 | Lair:6   | XOM: potion effect (might)
 15392 | Lair:6   | XOM: cleaving
 15443 | Lair:6   | XOM: polymorph death yak -> catoblepas
 15450 | Lair:6   | XOM: fog
 15459 | Lair:6   | Reached skill level 12 in Fighting
 15532 | Lair:6   | Reached skill level 15 in Shields
 15535 | Lair:6   | XOM: give mutation
 15535 | Lair:6   | Lost mutation: Your spells are a little easier to cast, but
                  | a little less powerful. [Xom's grace]
 15554 | Lair:6   | XOM: 4-stop teleportation journey
 15706 | Lair:6   | XOM: summons 2 hostile shadow creatures
 15718 | Lair:6   | XOM: divination: magic mapping
 15913 | Lair:6   | Reached XP level 17. HP: 93/93 MP: 19/19
 15937 | Lair:6   | XOM: god gift: 608 gold pieces
 15945 | Lair:6   | XOM: divination: detect items
 15948 | Lair:6   | XOM: confuse monster(s)
 16125 | Lair:4   | XOM: give mutations
 16125 | Lair:4   | Gained mutation: You have a pair of small horns on your
                  | head. [Xom's grace]
 16125 | Lair:4   | Gained mutation: You have large cloven feet. [Xom's grace]
 16239 | Orc:1    | Entered Level 1 of the Orcish Mines
 16320 | Orc:1    | XOM: summons 6 hostile demons
 16423 | Orc:1    | XOM: silly message
 16585 | Orc:1    | XOM: chaos cloud
 16614 | Orc:1    | Found Kyonaidd's General Store.
 16633 | Orc:1    | Bought a scroll of acquirement for 728 gold pieces
 16663 | Orc:1    | Acquired 409 gold pieces
 16788 | Orc:2    | Entered Level 2 of the Orcish Mines
 16805 | Orc:2    | XOM: noise
 16844 | Orc:2    | Lost intelligence.
 16872 | Orc:1    | Noticed Josephine
 16885 | Orc:1    | Killed Josephine
 16885 | Orc:1    | XOM: divine lightning
 16980 | Orc:1    | XOM: silly message
 17804 | Orc:1    | XOM: divination: magic mapping
 18020 | Orc:1    | XOM: cloud trail
 18167 | Orc:1    | XOM: give mutations
 18167 | Orc:1    | Gained mutation: You are clumsy. (Dex -2) [Xom's mischief]
 18167 | Orc:1    | Lost mutation: You are somewhat resistant to further
                  | mutation. [Xom's mischief]
 18167 | Orc:1    | Gained mutation: Your body sometimes deteriorates upon
                  | taking damage. [Xom's mischief]
 18167 | Orc:1    | Lost mutation: You have a pair of small horns on your head.
                  | [Xom's mischief]
 18169 | Orc:1    | Lost mutation: You have an increased reservoir of magic.
                  | (+10% MP) [potion of mutation]
 18169 | Orc:1    | Lost mutation: You are clumsy. (Dex -2) [potion of
                  | mutation]
 18169 | Orc:1    | Gained mutation: Your flesh is heat resistant. (rF+)
                  | [potion of mutation]
 18170 | Orc:1    | Lost mutation: You have large cloven feet. [potion of
                  | mutation]
 18170 | Orc:1    | Lost mutation: You occasionally shout uncontrollably at
                  | your foes. [potion of mutation]
 18170 | Orc:1    | Gained mutation: You expend magic power (3 MP) to
                  | strengthen your wands. [potion of mutation]
 18637 | Orc:1    | XOM: divination: detect creatures
 18675 | Orc:1    | XOM: silly message
 18681 | Orc:1    | XOM: silly message
 19068 | Orc:2    | XOM: cast spell 'Summon Ice Beast'
 19073 | Orc:2    | XOM: enchant monster (good)
 19114 | Orc:2    | XOM: noise
 19158 | Orc:2    | XOM: confuse monster(s)
 19171 | Orc:2    | XOM: silly message
 19184 | Orc:2    | XOM: divination: magic mapping
 19234 | Orc:2    | XOM: summons friendly quasit
 19413 | Orc:2    | XOM: enchant monster (bad)
 19419 | Orc:2    | XOM: divination: detect items
 19473 | Orc:2    | Reached skill level 13 in Fighting
 19499 | Orc:2    | XOM: silly message
 19545 | Orc:2    | XOM: confuse monster(s)
 19561 | Orc:2    | Found Xeuwage's Armour Shoppe.
 19561 | Orc:2    | Found Zoshyfei's Book Boutique.
 19624 | Orc:2    | Found a staircase to the Elven Halls.
 19685 | Orc:2    | XOM: divination: detect creatures
 19750 | Orc:2    | Found Ufuunoc's General Store.
 19750 | Orc:2    | Found Ydaorioq's Weapon Boutique.
 19828 | Orc:2    | XOM: silly message
 19856 | Orc:2    | XOM: enchant monster (bad)
 19874 | Orc:2    | XOM: divination: detect creatures
 20013 | Orc:2    | Bought a +2 crystal plate armour for 1288 gold pieces
 20013 | Orc:2    | Bought the +4 robe of Folly {Brilliance Will-∞ Int+8} for
                  | 623 gold pieces
 20013 | Orc:2    | Found the +4 robe of Folly {Brilliance Will-∞ Int+8}
 20329 | Orc:2    | XOM: give mutations
 20329 | Orc:2    | Gained mutation: You sometimes lose the ability to read
                  | scrolls when taking damage. [Xom's mischief]
 20329 | Orc:2    | Lost mutation: Your body sometimes deteriorates upon taking
                  | damage. [Xom's mischief]
 20329 | Orc:2    | Gained mutation: You are clumsy. (Dex -2) [Xom's mischief]
 20329 | Orc:2    | Gained mutation: Your body sometimes deteriorates upon
                  | taking damage. [Xom's mischief]
 20445 | Orc:2    | XOM: give mutation
 20445 | Orc:2    | Lost mutation: You sometimes lose the ability to read
                  | scrolls when taking damage. [Xom's mischief]
 20582 | Orc:2    | XOM: scenery: 1 doors close
 20699 | Orc:2    | XOM: noise
 21311 | Orc:2    | XOM: give mutations
 21311 | Orc:2    | Gained mutation: Armour fits poorly on your strangely
                  | shaped body. [Xom's mischief]
 21311 | Orc:2    | Lost mutation: You expend magic power (3 MP) to strengthen
                  | your wands. [Xom's mischief]
 21311 | Orc:2    | Gained mutation: Your system is resistant to poisons.
                  | (rPois) [Xom's mischief]
 21830 | D:12     | XOM: give mutations
 21830 | D:12     | Gained mutation: Your spells are a little harder to cast,
                  | but a little more powerful. [Xom's grace]
 21830 | D:12     | Gained mutation: You have a somewhat thin skeletal
                  | structure. (Dex +2, Stealth+) [Xom's grace]
 21830 | D:12     | Gained mutation: You have large cloven feet. [Xom's grace]
 21830 | D:12     | Gained mutation: Your skin changes colour to match your
                  | surroundings (Stealth+). [Xom's grace]
 22031 | D:12     | XOM: divination: magic mapping
 22039 | D:12     | XOM: polymorph two-headed ogre -> redback
 22040 | D:12     | Reached XP level 18. HP: 100/100 MP: 19/19
 22050 | D:12     | XOM: summons 3 friendly demons
 22333 | D:12     | XOM: silly message
 22485 | D:13     | Noticed Nessos
 22493 | D:13     | XOM: destruction
 22508 | D:13     | Killed Nessos
 22517 | D:13     | XOM: give mutations
 22517 | D:13     | Lost mutation: You are dopey. (Int -2) [Xom's grace]
 22517 | D:13     | Gained mutation: You are somewhat resistant to further
                  | mutation. [Xom's grace]
 22537 | D:13     | XOM: scenery: summon butterflies
 22548 | D:13     | XOM: destruction
 22560 | D:13     | XOM: stat loss: -1 Str (25/27)
 22860 | D:13     | XOM: divination: detect creatures
 22890 | D:13     | Found a frozen archway.
 22899 | IceCv    | Entered an ice cave
 22943 | IceCv    | XOM: fog
 23350 | D:13     | XOM: blink monster(s)
 23448 | D:13     | Found a gate to the Vaults.
 23501 | D:13     | XOM: give mutations
 23501 | D:13     | Lost mutation: Armour fits poorly on your strangely shaped
                  | body. [Xom's mischief]
 23501 | D:13     | Lost mutation: You are resistant to electric shocks.
                  | (rElec) [Xom's mischief]
 23574 | D:14     | Reached skill level 14 in Fighting
 23748 | D:14     | XOM: chaos cloud
 23905 | D:14     | XOM: blink monster(s)
 23910 | D:14     | XOM: chaos upgrade
 24238 | D:14     | XOM: silly message
 24339 | D:15     | Entered Level 15 of the Dungeon
 24384 | D:15     | XOM: silly message
 24623 | D:15     | XOM is BORED!
 24623 | D:15     | XOM: silly message
 24733 | D:15     | XOM: potion effect (brilliance)
 24739 | D:15     | XOM: divination: detect creatures
 24750 | D:15     | XOM: enchant monster (good)
 24752 | D:15     | XOM: silly message
 24848 | D:15     | Lost intelligence.
 25156 | D:15     | XOM: noise
 25234 | D:15     | XOM: confuse monster(s)
 25345 | D:15     | XOM: cast spell 'Summon Hydra'
 25401 | D:15     | XOM: god gift: 6 atropa-tipped darts
 25474 | D:15     | Identified the +1 leather armour of Ynam {Regen+ Str-2
                  | Int+6 Stlth-}
 25482 | D:15     | XOM: polymorph slime creature -> fire dragon
 25508 | D:15     | XOM: god gift: scroll of fog
 25514 | D:15     | XOM: summons friendly quasit
 25525 | D:15     | XOM: smoke on damage
 25598 | D:15     | Found a staircase to the Depths.
 25648 | D:15     | XOM is BORED!
 25648 | D:15     | XOM: summons 9 hostile demons
 25876 | D:14     | XOM: give mutations
 25876 | D:14     | Lost mutation: You are somewhat resistant to further
                  | mutation. [Xom's mischief]
 25876 | D:14     | Lost mutation: You are clumsy. (Dex -2) [Xom's mischief]
 25998 | D:10     | Noticed Harold
 26000 | D:10     | XOM: cleaving
 26005 | D:10     | Killed Harold
 26098 | Snake:1  | Entered Level 1 of the Snake Pit
 26138 | Snake:1  | XOM: fog
 26180 | Snake:1  | XOM: give mutations
 26180 | Snake:1  | Gained mutation: You are somewhat resistant to further
                  | mutation. [Xom's grace]
 26180 | Snake:1  | Gained mutation: Your flesh is cold resistant. (rC+) [Xom's
                  | grace]
 26180 | Snake:1  | Gained mutation: Your mind is acute. (Int +2) [Xom's grace]
 26180 | Snake:1  | Gained mutation: Your flesh is very heat resistant. (rF++)
                  | [Xom's grace]
 26225 | Snake:1  | XOM: scenery: 2 doors open, 1 doors close
 26228 | Snake:1  | XOM: god gift: 4 atropa-tipped darts
 26300 | Snake:1  | XOM: cast spell 'Summon Mana Viper'
 26307 | Snake:1  | XOM: fake destruction
 26309 | Snake:1  | XOM: scenery: create altars
 26353 | Snake:1  | XOM: summons 3 friendly demons
 26364 | Snake:1  | XOM: potion effect (might)
 26367 | Snake:1  | Reached skill level 15 in Fighting
 26547 | Snake:1  | Noticed Frances
 26557 | Snake:1  | XOM: cast spell 'Statue Form'
 26562 | Snake:1  | Killed Frances
 26705 | Snake:1  | Noticed Agnes
 26719 | Snake:1  | Killed Agnes
 26763 | Snake:1  | Acquired a manual of Fighting
 26829 | Snake:1  | XOM: confuse monster(s)
 26921 | Snake:1  | XOM: silly message
 26935 | Snake:1  | XOM: divination: magic mapping
 27162 | Snake:1  | XOM: god gift: +2 mace of protection
 27298 | Snake:2  | XOM: stealth player
 27344 | Snake:1  | XOM: summons 10 hostile demons
 27399 | Snake:2  | Noticed Aizul
 27417 | Snake:2  | Killed Aizul
 27489 | Snake:2  | XOM: divination: detect creatures
 27535 | Snake:2  | Reached XP level 19. HP: 108/108 MP: 20/20
 27538 | Snake:2  | Reached skill level 10 in Armour
 27760 | Snake:2  | XOM: 2-stop teleportation journey
 27765 | Snake:2  | XOM: summons 16 friendly demons
 27793 | Snake:2  | XOM: give mutations
 27793 | Snake:2  | Gained mutation: You have hoof-like feet. [Xom's grace]
 27793 | Snake:2  | Gained mutation: You possess an exceptional clarity of
                  | mind. [Xom's grace]
 27817 | Snake:2  | XOM: polymorph naga warrior -> glowing shapeshifter
 27967 | Snake:2  | XOM: confuse monster(s)
 28355 | Snake:2  | XOM: summons 2 friendly demons
 28365 | Snake:2  | XOM: swap monsters
 28526 | Snake:2  | XOM: enchant monster (bad)
 28618 | Snake:2  | XOM: give mutations
 28618 | Snake:2  | Gained mutation: Your muscles are strong. (Str +2) [Xom's
                  | grace]
 28618 | Snake:2  | Gained mutation: You are covered in fur. (AC +1) [Xom's
                  | grace]
 28618 | Snake:2  | Lost mutation: You are somewhat resistant to further
                  | mutation. [Xom's grace]
 28618 | Snake:2  | Gained mutation: You have hidden genetic potential. [Xom's
                  | grace]
 28782 | Snake:3  | Reached skill level 16 in Fighting
 28865 | Snake:3  | Noticed Vashnia
 28892 | Snake:3  | Killed Vashnia
 28898 | Snake:3  | XOM: enchant monster (bad)
 28899 | Snake:3  | XOM: summons friendly ufetubus
 28946 | Snake:3  | XOM: cast spell 'Summon Mana Viper'
 28972 | Snake:3  | XOM: divination: detect creatures
 28974 | Snake:3  | XOM: polymorph nagaraja -> sphinx
 29086 | Snake:3  | XOM: 3-stop teleportation journey
 29112 | Snake:3  | XOM: fog
 29236 | Snake:3  | XOM: polymorph naga sharpshooter -> dream sheep
 29265 | Snake:3  | XOM: scenery: 1 doors open
 29388 | Snake:3  | XOM: 2-stop teleportation journey
 29782 | Snake:4  | Entered Level 4 of the Snake Pit
 29808 | Snake:4  | XOM: polymorph naga -> shapeshifter
 29843 | Snake:4  | XOM: confuse monster(s)
 29880 | Snake:4  | XOM: silly message
 29900 | Snake:4  | XOM: noise
 29920 | Snake:4  | Reached skill level 17 in Fighting
 29974 | Snake:4  | XOM: enchant monster (bad)
 30005 | Snake:4  | XOM: noise
 30081 | Snake:4  | XOM: cast spell 'Shadow Creatures'
 30156 | Snake:4  | XOM: cast spell 'Summon Mana Viper'
 30192 | Snake:4  | XOM: noise
 30424 | Snake:3  | XOM: god gift: 13 gold pieces
 30513 | Snake:4  | XOM: cleaving
 30531 | Snake:4  | XOM: confuse monster(s)
 30577 | Snake:4  | XOM: noise
 30635 | Snake:4  | XOM: silly message
 30770 | Snake:4  | XOM: divination: magic mapping
 30813 | Snake:4  | XOM: silly message
 30830 | Snake:4  | XOM: god gift: +2 quarterstaff of chaos
 30838 | Snake:4  | XOM: summons 3 friendly demons
 30848 | Snake:4  | XOM: summons friendly ufetubus
 30850 | Snake:4  | Reached XP level 20. HP: 68/118 MP: 21/21
 30852 | Snake:4  | XOM: cleaving
 30855 | Snake:4  | XOM: give mutations
 30855 | Snake:4  | Gained mutation: You have hooves in place of feet. [Xom's
                  | grace]
 30855 | Snake:4  | Gained mutation: You are partially covered in iridescent
                  | scales. (AC +2) [Xom's grace]
 30855 | Snake:4  | Gained mutation: You have a pair of small antennae on your
                  | head. [Xom's grace]
 30860 | Snake:4  | XOM: cast spell 'Summon Small Mammal'
 30863 | Snake:4  | Cast into level 3 of the Abyss (nagaraja)
 30863 | Abyss:3  | Found a corrupted altar of Lugonu.
 30912 | Abyss:3  | XOM: destruction
 30992 | Abyss:3  | Reached skill level 18 in Fighting
 30997 | Abyss:3  | XOM: fog
 31019 | Abyss:3  | Noticed a bone dragon
 31020 | Abyss:3  | XOM: potion effect (brilliance)
 31051 | Abyss:3  | XOM: silly message
 31080 | Abyss:3  | Noticed a bone dragon
 31097 | Abyss:3  | XOM: potion effect (invisibility)
 31119 | Abyss:3  | Killed a bone dragon
 31217 | Abyss:3  | XOM: smoke on damage
 31300 | Abyss:3  | Identified the +5 chain mail of the Pirate {Fly SInv}
 31316 | Abyss:3  | XOM: give mutations
 31316 | Abyss:3  | Gained mutation: You heal very quickly. [Xom's grace]
 31316 | Abyss:3  | Gained mutation: You are agile. (Dex +2) [Xom's grace]
 31382 | Abyss:3  | Gained mutation: Your spells are harder to cast, but more
                  | powerful. [hidden potential]
 31388 | Abyss:3  | XOM: enchant monster (good)
 31403 | Abyss:3  | XOM: destruction
 31434 | Abyss:3  | XOM: confuse monster(s)
 31444 | Abyss:3  | XOM: polymorph angel -> daeva
 31497 | Abyss:3  | Paralysed by accursed screaming for 1 turns
 31511 | Abyss:3  | XOM: confuse monster(s)
 31693 | Abyss:3  | XOM: cleaving
 31696 | Abyss:3  | XOM: summons friendly white imp
 31704 | Abyss:3  | XOM: summons friendly ufetubus
 31732 | Abyss:3  | XOM: confuse monster(s)
 31801 | Abyss:3  | Noticed a hellephant
 31809 | Abyss:3  | XOM: scenery: create altars
 31831 | Abyss:3  | XOM: divination: detect creatures
 31834 | Abyss:3  | XOM: scenery: create altars
 31836 | Abyss:3  | XOM: summons 7 hostile demons
 31869 | Abyss:3  | Found a corrupted altar of Lugonu.
 31901 | Abyss:3  | XOM: summons friendly shadow imp
 31918 | Abyss:3  | XOM: potion effect (brilliance)
 31919 | Abyss:3  | Reached skill level 19 in Fighting
 31920 | Abyss:3  | XOM: summons friendly iron imp
 31938 | Abyss:3  | XOM: god gift: 766 gold pieces
 31995 | Abyss:3  | XOM: enchant monster (good)
 31997 | Abyss:3  | XOM: summons 2 friendly demons
 32014 | Abyss:3  | Noticed a profane servitor
 32109 | Abyss:3  | XOM: smoke on damage
 32178 | Abyss:3  | Reached skill level 15 in Armour
 32183 | Abyss:3  | Got an abyssal rune of Zot
 32207 | Abyss:3  | XOM: summons 2 friendly demons
 32210 | Abyss:3  | XOM: smoke on damage
 32270 | Abyss:3  | XOM: summons 3 friendly demons
 32271 | Abyss:3  | Lost mutation: You are agile. (Dex +2) [a neqoxec]
 32278 | Abyss:3  | XOM: scenery: summon butterflies
 32308 | Abyss:3  | Gained mutation: Your magical capacity is low. (-10% MP) [a
                  | neqoxec]
 32356 | Abyss:3  | XOM: give mutations
 32356 | Abyss:3  | Gained mutation: You are partially covered in large bone
                  | plates. (SH +4) [Xom's grace]
 32356 | Abyss:3  | Gained mutation: You have a pair of antennae on your head.
                  | [Xom's grace]
 32381 | Abyss:3  | XOM: summons 2 friendly demons
 32669 | Snake:4  | Escaped the Abyss
 32670 | Snake:4  | XOM: summons 6 friendly demons
 32674 | Snake:4  | XOM: divination: detect creatures
 32676 | Snake:4  | XOM: 2-stop teleportation journey
 32680 | Snake:4  | XOM: 3-stop teleportation journey
 32758 | Snake:4  | XOM: 1-stop teleportation journey
 32818 | Snake:4  | Found Qyel Rirch's Weapon Shop.
 32818 | Snake:4  | Found Xicveh's Jewellery Boutique.
 32820 | Snake:4  | Found Pemapeass's Book Boutique.
 32821 | Snake:4  | Found Giegg's Distillery.
 32922 | Snake:4  | XOM: summons friendly iron imp
 32951 | Snake:4  | XOM: 5-stop teleportation journey
 33020 | Snake:4  | Reached XP level 21. HP: 127/127 MP: 19/19
 33074 | Snake:4  | XOM: noise
 33077 | Snake:4  | Got a serpentine rune of Zot
 33607 | Elf:1    | Entered Level 1 of the Elven Halls
 33624 | Elf:1    | XOM: cleaving
 33697 | Elf:1    | Found Roofiys's Magic Scroll Emporium.
 33699 | Elf:1    | Found Usizafue's Antique Weapon Shoppe.
 33702 | Elf:1    | Found Soushinu's Assorted Antiques.
 33705 | Elf:1    | Bought a scroll of enchant armour for 142 gold pieces
 33705 | Elf:1    | Bought a scroll of enchant armour for 142 gold pieces
 33709 | Elf:1    | Bought a potion of mutation for 224 gold pieces
 33734 | Elf:1    | Found a runed translucent gate.
 33734 | Elf:1    | Found a runed translucent gate.
 33734 | Elf:1    | Found a runed translucent gate.
 33734 | Elf:1    | Found a runed translucent gate.
 33734 | Elf:1    | Found a runed translucent gate.
 33734 | Elf:1    | XOM: 3-stop teleportation journey
 33739 | Elf:1    | XOM: noise
 33874 | Elf:1    | XOM: enchant monster (bad)
 33924 | Elf:1    | XOM: polymorph deep elf zephyrmancer -> elephant
 33981 | Elf:1    | XOM: confuse monster(s)
 33986 | Elf:1    | Gained mutation: You are mostly covered in iridescent
                  | scales. (AC +4) [hidden potential]
 33986 | Elf:1    | Lost mutation: You have hidden genetic potential. [hidden
                  | potential expressed]
 34018 | Elf:1    | Found Qonorij's Magic Scroll Emporium.
 34023 | Elf:1    | Bought a scroll of enchant armour for 142 gold pieces
 34023 | Elf:1    | Bought a scroll of enchant weapon for 142 gold pieces
 34023 | Elf:1    | Bought a scroll of blinking for 142 gold pieces
 34023 | Elf:1    | Bought a scroll of fear for 66 gold pieces
 34023 | Elf:1    | Bought a scroll of summoning for 180 gold pieces
 34044 | Elf:1    | XOM: summons friendly shadow imp
 34122 | Elf:1    | XOM: cast spell 'Summon Dragon'
 34126 | Elf:1    | XOM: blink monster(s)
 34134 | Elf:1    | Reached skill level 20 in Fighting
 34150 | Elf:1    | Found a runed translucent gate.
 34153 | Elf:1    | XOM: 5-stop teleportation journey
 34165 | Elf:1    | Identified the +4 fustibalus of Breach {vorpal, *Corrode
                  | Dex+7}
 34193 | Elf:1    | XOM: butterfly on damage
 34313 | Elf:1    | XOM: god gift: wand of iceblast (10)
 34368 | Elf:1    | XOM: divine lightning
 34462 | Elf:1    | XOM: god gift: +0 dire flail of holy wrath
 34600 | Elf:2    | XOM: summons 2 friendly demons
 34603 | Elf:2    | XOM: smoke on damage
 34607 | Elf:2    | XOM: summons 3 friendly demons
 34617 | Elf:2    | XOM: divination: detect creatures
 34727 | Elf:2    | XOM: noise
 34787 | Elf:2    | Found a large runed translucent door.
 34794 | Elf:2    | Noticed bmj180's ghost (adept MiFi)
 34795 | Elf:2    | Found a large runed translucent door.
 34815 | Elf:2    | Paralysed by an air elemental for 1 turns
 34853 | Elf:2    | Killed bmj180's ghost
 34897 | Elf:2    | Identified the +1 pair of gloves of the Bull {*Corrode
                  | Will+ Dex+7}
 35157 | Elf:2    | Found Ceix's Weapon Emporium.
 35166 | Elf:2    | XOM: potion effect (might)
 35196 | Elf:2    | Paralysed by an air elemental for 1 turns
 35258 | Elf:2    | Found a runed translucent gate.
 35258 | Elf:2    | Found a runed translucent gate.
 35258 | Elf:2    | Found a runed translucent gate.
 35341 | Elf:2    | XOM: confuse monster(s)
 35382 | Elf:2    | XOM: noise
 35624 | Elf:2    | XOM: potion effect (brilliance)
 35634 | Elf:2    | XOM: silly message
 35779 | Orc:1    | Bought a scroll of enchant weapon for 105 gold pieces
 35889 | Vaults:1 | Entered Level 1 of the Vaults
 35895 | Vaults:1 | XOM: 8-stop teleportation journey
 35904 | Vaults:1 | XOM: scenery: 1 doors open
 35928 | Vaults:1 | XOM: god gift: 3 silver boomerangs
 35933 | Vaults:1 | XOM: polymorph dire elephant -> shapeshifter
 35945 | Vaults:1 | XOM: scenery: 2 doors close
 35983 | Vaults:1 | Found Neucwizi's Assorted Antiques.
 35989 | Vaults:1 | XOM: summons friendly quasit
 36003 | Vaults:1 | Bought a scroll of blinking for 165 gold pieces
 36003 | Vaults:1 | Bought a piece from Xom's chessboard (15/15) for 440 gold
                  | pieces
 36067 | Vaults:1 | XOM: scenery: 2 doors open
 36069 | Vaults:1 | XOM: give mutations
 36069 | Vaults:1 | Lost mutation: You are mostly covered in iridescent scales.
                  | (AC +4) [Xom's mischief]
 36069 | Vaults:1 | Lost mutation: Your mind is acute. (Int +2) [Xom's
                  | mischief]
 36069 | Vaults:1 | Lost mutation: You possess an exceptional clarity of mind.
                  | [Xom's mischief]
 36112 | Vaults:1 | Reached skill level 1 in Evocations
 36229 | Vaults:1 | Reached XP level 22. HP: 134/134 MP: 20/20
 36548 | Vaults:1 | XOM: god gift: Inescapable Atlas
 36655 | Vaults:1 | XOM: give mutations
 36655 | Vaults:1 | Lost mutation: You have a pair of antennae on your head.
                  | [Xom's mischief]
 36655 | Vaults:1 | Lost mutation: Your muscles are strong. (Str +2) [Xom's
                  | mischief]
 36655 | Vaults:1 | Lost mutation: You have a pair of small antennae on your
                  | head. [Xom's mischief]
 36880 | Vaults:1 | Found a transporter.
 36891 | Vaults:1 | Found a transporter.
 36907 | Vaults:1 | XOM: cleaving
 37351 | Vaults:2 | XOM: enchant monster (bad)
 37353 | Vaults:2 | Reached skill level 15 in Maces & Flails
 37353 | Vaults:2 | XOM: summons friendly ufetubus
 37423 | Vaults:2 | XOM: polymorph ironbound preserver -> storm dragon
 37491 | Vaults:2 | Reached skill level 21 in Fighting
 37786 | Vaults:2 | XOM: swap monsters
 37892 | Vaults:2 | Found Qyileron's Jewellery Boutique.
 37915 | Vaults:2 | XOM: fog
 37920 | Vaults:2 | Bought an amulet of reflection for 540 gold pieces
 37924 | Vaults:2 | XOM: swap monsters
 37935 | Vaults:2 | XOM: fog
 38119 | Vaults:2 | Found a staircase to the Crypt.
 38231 | Vaults:3 | XOM: confuse monster(s)
 38281 | Vaults:3 | XOM: 1-stop teleportation journey
 38347 | Vaults:3 | XOM: stat loss: -1 Dex (25/26)
 38350 | Vaults:3 | XOM: enchant monster (good)
 38369 | Vaults:3 | XOM: cleaving
 38415 | Vaults:3 | XOM: polymorph ironbound convoker -> swamp worm
 38428 | Vaults:3 | XOM: summons friendly ufetubus
 38507 | Vaults:3 | XOM: summons friendly quasit
 38516 | Vaults:3 | XOM: polymorph orc knight -> salamander
 38517 | Vaults:3 | XOM: polymorph salamander -> wind drake
 38526 | Vaults:3 | XOM: scenery: 1 doors open
 38545 | Vaults:3 | XOM: potion effect (berserk rage)
 38659 | Vaults:3 | Reached skill level 5 in Evocations
 38823 | Vaults:3 | XOM: silly message
 38835 | Vaults:3 | Upgraded the game from 0.28-a0-932-g843f935a50 to
                  | 0.28-a0-938-gbc3f381ebc
 38850 | Vaults:3 | XOM: divination: detect items
 39128 | Vaults:3 | Found Memoj's Magic Scroll Boutique.
 39132 | Vaults:3 | Bought a scroll of enchant armour for 127 gold pieces
 39132 | Vaults:3 | Bought a scroll of enchant armour for 127 gold pieces
 39132 | Vaults:3 | Bought a scroll of enchant armour for 127 gold pieces
 39175 | Vaults:3 | Reached XP level 23. HP: 141/141 MP: 21/21
 39605 | Vaults:4 | XOM: silly message
 39711 | Vaults:4 | Noticed Margery
 39725 | Vaults:4 | Killed Margery
 39728 | Vaults:4 | Reached skill level 22 in Fighting
 39733 | Vaults:4 | XOM: summons friendly iron imp
 39854 | Vaults:4 | XOM: scenery: summon butterflies
 39930 | Vaults:4 | XOM: god gift: club {god gift}
 40188 | Vaults:4 | XOM: cleaving
 40266 | Vaults:4 | XOM: give mutation
 40266 | Vaults:4 | Lost mutation: You have hooves in place of feet. [Xom's
                  | mischief]
 40548 | Vaults:4 | XOM: summons 12 hostile demons
 40553 | Vaults:4 | XOM: torment (78/142 hp)
 40645 | Vaults:4 | XOM is BORED!
 40645 | Vaults:4 | XOM: chaos upgrade
 40689 | Vaults:4 | XOM: chaos upgrade
 40698 | Vaults:4 | XOM: noise
 40903 | Vaults:4 | XOM: torment (82/143 hp)
 41012 | Vaults:4 | XOM: enchant monster (good)
 41023 | Vaults:4 | XOM: enchant monster (bad)
 41061 | Vaults:4 | XOM: give mutations
 41061 | Vaults:4 | Lost mutation: You are partially covered in iridescent
                  | scales. (AC +2) [Xom's mischief]
 41061 | Vaults:4 | Lost mutation: Your body sometimes deteriorates upon taking
                  | damage. [Xom's mischief]
 41061 | Vaults:4 | Lost mutation: Your magical capacity is low. (-10% MP)
                  | [Xom's mischief]
 41061 | Vaults:4 | Lost mutation: You are covered in fur. (AC +1) [Xom's
                  | mischief]
 41176 | Vaults:4 | XOM: god gift: chain mail {god gift}
 41177 | Vaults:4 | XOM: noise
 41493 | Elf:3    | Entered Level 3 of the Elven Halls
 42012 | Elf:3    | Found a gateway to a bazaar.
 42048 | Elf:3    | Reached skill level 23 in Fighting
 42079 | Elf:3    | XOM: fog
 42080 | Elf:3    | Paralysed by an air elemental for 1 turns
 42188 | Elf:3    | XOM: cast spell 'Discord'
 42591 | Elf:3    | Identified the ring "Yjecezaitz" {Fire Will- Int+7 Dex+3
                  | SInv}
 42642 | Elf:3    | XOM: divination: magic mapping
 42645 | Elf:3    | XOM: fog
 42647 | Elf:3    | XOM: confuse monster(s)
 42663 | Elf:3    | Reached XP level 24. HP: 137/149 MP: 24/24
 42899 | Elf:3    | Identified the ring "Neihu" {Str+4 Int+6}
 42989 | Elf:3    | Got the Handbook of Poison and Damage Dealing
 43048 | Elf:3    | XOM: potion effect (haste)
 43078 | Elf:3    | Identified the ring of Xom's Sleight of Hands {rF+ rC+}
 43141 | Elf:3    | XOM: god gift: staff of conjuration
 43527 | Vaults:5 | Entered Level 5 of the Vaults
 43901 | Vaults:4 | XOM: summons 12 hostile demons
 43904 | Vaults:4 | XOM: summons friendly quasit
 43927 | Vaults:4 | XOM: enchant monster (good)
 43943 | Vaults:4 | XOM: confusion (+ monsters)
 43974 | Vaults:4 | XOM: summons 8 friendly demons
 43977 | Vaults:4 | Reached skill level 10 in Dodging
 44720 | Vaults:4 | XOM: summons 1 hostile shadow creature
 44728 | Vaults:4 | XOM: confusion
 44781 | Vaults:5 | XOM: silly message
 44814 | Vaults:5 | XOM: silly message
 44829 | Vaults:5 | Reached skill level 10 in Evocations
 44857 | Vaults:5 | XOM: enchant monster (bad)
 44869 | Vaults:5 | Found Pukurung's General Store.
 44870 | Vaults:5 | Noticed a dread lich
 44870 | Vaults:5 | XOM: confuse monster(s)
 44888 | Vaults:5 | Killed a dread lich
 45012 | Vaults:5 | XOM: smoke on damage
 45016 | Vaults:5 | XOM: silly message
 45021 | Vaults:5 | XOM: confuse monster(s)
 45032 | Vaults:5 | XOM: noise
 45080 | Vaults:5 | XOM: divination: detect creatures
 45085 | Vaults:5 | XOM: divination: detect creatures
 45136 | Vaults:5 | Noticed a dread lich
 45138 | Vaults:5 | XOM: cast spell 'Olgreb's Toxic Radiance'
 45152 | Vaults:5 | Killed a dread lich
 45181 | Vaults:5 | Got a silver rune of Zot
 45185 | Vaults:5 | Identified the +1 robe "Narefam" {rN+ Will- Str+6}
 45258 | Vaults:5 | XOM: blink monster(s)
 45279 | Vaults:5 | XOM: summons friendly iron imp
 45281 | Vaults:5 | XOM: enchant monster (good)
 45288 | Vaults:5 | XOM: enchant monster (good)
 45319 | Vaults:5 | XOM: noise
 45369 | Vaults:5 | XOM: blink monster(s)
 45399 | Vaults:5 | Identified the +2 broad axe "Xuusu" {venom, rC++ Str-2}
 45413 | Vaults:5 | XOM: destruction
 45413 | Vaults:5 | Identified the +1 leather armour "Dahyiby" {rF+ Slay+5}
 45432 | Vaults:5 | Noticed an ancient lich
 45435 | Vaults:5 | XOM: chaos cloud
 45439 | Vaults:5 | Killed an ancient lich
 45440 | Vaults:5 | Paralysed by you for 7 turns
 45546 | Vaults:5 | Reached XP level 25. HP: 156/156 MP: 24/24
 45604 | Vaults:5 | XOM: swap monsters
 45608 | Vaults:5 | Reached skill level 24 in Fighting
 45642 | Vaults:5 | XOM: enchant monster (bad)
 45685 | Vaults:5 | XOM: draining
 45711 | Vaults:5 | Noticed an ancient lich
 45721 | Vaults:5 | Killed an ancient lich
 45980 | Depths:1 | Entered Level 1 of the Depths
 46064 | Depths:1 | Found a gateway to a ziggurat.
 46107 | Depths:1 | Found a white marble altar of Elyvilon.
 46170 | Depths:1 | Found a radiant altar of Vehumet.
 46337 | Depths:1 | Found a gateway to Hell.
 46398 | Depths:1 | XOM: silly message
 46401 | Depths:1 | XOM: cast spell 'Alistair's Intoxication'
 46457 | Depths:1 | XOM: 1-stop teleportation journey
 46466 | Depths:1 | XOM: fog
 46488 | Depths:1 | XOM: scenery: 4 doors close
 46578 | Depths:1 | XOM: enchant monster (good)
 46602 | Depths:1 | Found a corrupted altar of Lugonu.
 46720 | Depths:1 | Found a one-way gate to the infinite horrors of the Abyss.
 46728 | Depths:1 | Acquired a manual of Shields
 46848 | Depths:2 | Found a one-way gate leading to the halls of Pandemonium.
 47105 | Depths:2 | XOM: summons 3 friendly demons
 47106 | Depths:2 | Paralysed by a floating eye for 3 turns
 47112 | Depths:2 | Paralysed by a floating eye for 3 turns
 47122 | Depths:2 | Paralysed by a floating eye for 4 turns
 47139 | Depths:2 | Paralysed by a floating eye for 4 turns
 47152 | Depths:2 | XOM: cast spell 'Death Channel'
 47156 | Depths:2 | Paralysed by a floating eye for 2 turns
 47161 | Depths:2 | XOM: destruction
 47272 | Depths:2 | Noticed the Enchantress
 47287 | Depths:2 | the Enchantress changed into the Enchantress the glowing
                  | shapeshifter
 47287 | Depths:2 | XOM: polymorph the Enchantress -> the Enchantress the
                  | glowing shapeshifter
 47293 | Depths:2 | XOM: cleaving
 47302 | Depths:2 | XOM: swap monsters
 47478 | Depths:2 | XOM: confusion
 47480 | Depths:2 | XOM: 1-stop teleportation journey
 47582 | Depths:2 | Noticed Asterion
 47583 | Depths:2 | Found Suaf's Armour Shoppe.
 47596 | Depths:2 | XOM: noise
 47613 | Depths:2 | Killed Asterion
 47712 | Depths:2 | XOM: scenery: create altars
 47717 | Depths:2 | XOM: enchant monster (bad)
 47766 | Depths:3 | XOM: enchant monster (good)
 47874 | Depths:3 | XOM: 3-stop teleportation journey
 47890 | Depths:3 | Reached XP level 26. HP: 143/161 MP: 24/24
 47979 | Depths:3 | XOM: 1-stop teleportation journey
 47993 | Depths:3 | XOM: 2-stop teleportation journey
 48038 | Depths:3 | XOM: silly message
 48064 | Depths:3 | XOM: noise
 48150 | Depths:3 | XOM: silly message
 48244 | Depths:3 | XOM: divination: magic mapping
 48249 | Depths:3 | XOM: blink monster(s)
 48271 | Depths:3 | XOM: enchant monster (good)
 48329 | Depths:3 | Found an iron altar of Okawaru.
 48329 | Depths:3 | XOM: cast spell 'Olgreb's Toxic Radiance'
 48333 | Depths:3 | XOM: blink monster(s)
 48361 | Depths:3 | Found the +10 tower shield of Ignorance {rN+ Int-4}
 48438 | Depths:3 | XOM: noise
 48713 | Vaults:3 | Bought a scroll of enchant armour for 127 gold pieces
 48713 | Vaults:3 | Bought a scroll of enchant weapon for 127 gold pieces
 48713 | Vaults:3 | Bought a scroll of blinking for 127 gold pieces
 48778 | Vaults:1 | XOM: silly message
 48942 | Depths:4 | Entered Level 4 of the Depths
 48945 | Depths:4 | Paralysed by a floating eye for 3 turns
 48973 | Depths:4 | XOM: chaos upgrade
 48975 | Depths:4 | Reached skill level 25 in Fighting
 48986 | Depths:4 | XOM: enchant monster (good)
 49017 | Depths:4 | XOM: destruction
 49131 | Depths:4 | XOM: divination: magic mapping
 49152 | Depths:4 | XOM: divination: detect items
 49160 | Depths:4 | XOM: summons friendly iron imp
 49172 | Depths:4 | XOM: summons friendly ufetubus
 49177 | Depths:4 | XOM: summons 2 friendly demons
 49188 | Depths:4 | XOM: silly message
 49206 | Depths:4 | Found a gate to the Realm of Zot.
 49212 | Zot:1    | Entered Level 1 of the Realm of Zot
 49357 | Zot:1    | XOM: 2-stop teleportation journey
 49429 | Zot:1    | XOM: give mutation
 49429 | Zot:1    | Gained mutation: You are somewhat resistant to further
                  | mutation. [Xom's grace]
 49554 | Zot:1    | XOM: potion effect (haste)
 49555 | Zot:1    | XOM: potion effect (invisibility)
 50085 | Zot:1    | XOM: noise
 50086 | Zot:1    | XOM: cast spell 'Alistair's Intoxication'
 50097 | Zot:1    | XOM: summons friendly crimson imp
 50255 | Zot:2    | XOM: silly message
 50261 | Zot:2    | XOM: potion effect (brilliance)
 50300 | Zot:2    | XOM: summons 2 friendly demons
 50372 | Zot:2    | XOM: enchant monster (good)
 50557 | Zot:2    | XOM: enchant monster (good)
 50625 | Zot:2    | XOM: summons 7 hostile demons
 50817 | Zot:2    | Noticed an orb of fire
 50840 | Zot:2    | Killed an orb of fire
 50867 | Zot:3    | XOM: stealth player
 50879 | Zot:3    | XOM: fake destruction
 50885 | Zot:3    | XOM: divination: detect creatures
 50911 | Zot:3    | XOM: cleaving
 50957 | Zot:3    | Noticed an orb of fire
 50960 | Zot:3    | Lost intelligence.
 50960 | Zot:3    | Gained mutation: You are dopey. (Int -2) [an orb of fire]
 50978 | Zot:3    | Killed an orb of fire
 51092 | Zot:3    | XOM: divination: detect items
 51200 | Zot:3    | XOM: 1-stop teleportation journey
 51209 | Zot:3    | XOM: polymorph storm dragon -> something unseen
 51390 | Zot:3    | XOM: summons 4 friendly demons
 51396 | Zot:3    | Reached XP level 27. HP: 158/169 MP: 24/24
 51407 | Zot:3    | XOM: silly message
 51498 | Zot:3    | XOM: enchant monster (bad)
 51503 | Zot:3    | XOM: scenery: 2 doors close
 51782 | Zot:3    | XOM: enchant monster (good)
 51788 | Zot:3    | XOM: silly message
 51794 | Zot:3    | XOM: blink monster(s)
 51796 | Zot:3    | XOM: summons friendly iron imp
 52089 | Zot:5    | Entered Level 5 of the Realm of Zot
 52416 | Zot:4    | XOM: polymorph Killer Klown -> rockslime
 52449 | Zot:4    | XOM: cleaving
 52452 | Zot:4    | XOM: enchant monster (bad)
 52457 | Zot:4    | XOM: enchant monster (good)
 52489 | Zot:4    | XOM: enchant monster (good)
 52617 | Zot:4    | XOM: give mutations
 52617 | Zot:4    | Gained mutation: You expend magic power (3 MP) to
                  | strengthen your wands. [Xom's grace]
 52617 | Zot:4    | Gained mutation: You are partially covered in iridescent
                  | scales. (AC +2) [Xom's grace]
 52617 | Zot:4    | Gained mutation: Your movements are slightly less
                  | encumbered by armour. (ER -2) [Xom's grace]
 52645 | Zot:4    | XOM: god gift: 5 silver javelins
 52755 | Zot:5    | XOM: enchant monster (good)
 52759 | Zot:5    | XOM: enchant monster (bad)
 52765 | Zot:5    | XOM: confusion (+ monsters)
 52772 | Zot:5    | XOM: noise
 52839 | Zot:5    | XOM: stat loss: -1 Str (28/29)
 52849 | Zot:5    | Noticed an ancient lich
 52853 | Zot:5    | Noticed a dread lich
 52853 | Zot:5    | Noticed an orb of fire
 52853 | Zot:5    | Noticed an orb of fire
 52853 | Zot:5    | Noticed an orb of fire
 52853 | Zot:5    | Noticed an orb of fire
 52853 | Zot:5    | XOM: 1-stop teleportation journey
 52856 | Zot:5    | XOM: enchant monster (bad)
 52864 | Zot:5    | XOM: god gift: wand of iceblast (14)
 52876 | Zot:5    | XOM: confusion
 52881 | Zot:5    | XOM: confusion (+ monsters)
 52895 | Zot:5    | Noticed a dread lich
 52895 | Zot:5    | XOM: 1-stop teleportation journey
 52905 | Zot:5    | Killed a dread lich
 52917 | Zot:5    | Killed an ancient lich
 52918 | Zot:5    | XOM: 1-stop teleportation journey
 52924 | Zot:5    | Noticed an ancient lich
 52925 | Zot:5    | XOM: noise
 52926 | Zot:5    | Noticed an orb of fire
 52928 | Zot:5    | Noticed an orb of fire
 52929 | Zot:5    | XOM: summons 2 hostile demons
 52945 | Zot:5    | Noticed an orb of fire
 52946 | Zot:5    | Gained mutation: You are clumsy. (Dex -2) [an orb of fire]
 52957 | Zot:5    | Killed an orb of fire
 52968 | Zot:5    | Noticed an orb of fire
 52969 | Zot:5    | Noticed an orb of fire
 52976 | Zot:5    | XOM: enchant monster (good)
 52980 | Zot:5    | Noticed an orb of fire
 52980 | Zot:5    | Killed an orb of fire
 52980 | Zot:5    | XOM: summons 2 hostile demons
 52984 | Zot:5    | XOM: enchant monster (bad)
 52991 | Zot:5    | XOM: noise
 52994 | Zot:5    | Killed an orb of fire
 53004 | Zot:5    | Killed an orb of fire
 53021 | Zot:5    | Killed an orb of fire
 53022 | Zot:5    | XOM: scenery: summon butterflies
 53030 | Zot:5    | XOM: polymorph swamp drake -> centaur
 53043 | Zot:5    | XOM: smoke on damage
 53139 | Zot:5    | XOM: silly message
 53177 | Zot:5    | Killed an orb of fire
 53189 | Zot:5    | XOM: summons 2 friendly demons
 53234 | Zot:5    | XOM: noise
 53247 | Zot:5    | Killed an orb of fire
 53277 | Zot:5    | XOM: chaos upgrade
 53283 | Zot:5    | XOM: cleaving
 53327 | Zot:5    | Lost intelligence.
 53329 | Zot:5    | XOM: fog
 53331 | Zot:5    | XOM: destruction
 53459 | Zot:5    | Killed an orb of fire
 53513 | Zot:5    | XOM: summons friendly ufetubus
 53597 | Zot:5    | Killed an orb of fire
 53717 | Zot:5    | XOM: cast spell 'Call Canine Familiar'
 53744 | Zot:5    | Killed a dread lich
 53755 | Zot:5    | XOM: god gift: 31 gold pieces
 53829 | Zot:5    | XOM: cast spell 'Summon Horrible Things'
 53842 | Zot:5    | XOM: potion effect (berserk rage)
 53975 | Zot:5    | XOM: give mutations
 53975 | Zot:5    | Lost mutation: You expend magic power (3 MP) to strengthen
                  | your wands. [Xom's mischief]
 53975 | Zot:5    | Lost mutation: Your spells are harder to cast, but more
                  | powerful. [Xom's mischief]
 53995 | Zot:5    | Killed an orb of fire
 54002 | Zot:5    | Got the Orb of Zot
 54085 | Zot:5    | XOM: give mutation
 54085 | Zot:5    | Gained mutation: You expend magic power (3 MP) to
                  | strengthen your wands. [Xom's grace]
 54143 | Zot:4    | XOM: potion effect (might)
 54373 | Depths:1 | XOM: god gift: potion of curing
 54445 | D:15     | Noticed Qauts the pandemonium lord
 54449 | D:15     | XOM: cast spell 'Chain of Chaos'
 54450 | D:15     | XOM: fog
 54457 | D:15     | XOM: enchant monster (good)
 54584 | D:12     | Noticed Cistit the pandemonium lord
 54588 | D:12     | XOM: destruction
 54702 | D:6      | Noticed Cuzawn the pandemonium lord
 54702 | D:6      | XOM: confuse monster(s)
 54707 | D:6      | XOM: enchant monster (good)
 54821 | D:$      | Escaped with the Orb!

Illustrated notes

Levels and vault maps discovered:
D:1:      lightli_arrival_windingriver, layout_basic,
          shapermc_ecumenical_altar_rom_forum
D:2:      minmay_chambers_of_ones, layout_loops_corners,
          chequers_serial_rivers_room_b, chequers_serial_rivers_large_b,
          palyth_stone_intersect, minmay_misc_feat_tower,
          chequers_serial_rivers_micro_e, hangedman_abyss_or_decor_lesser_grid
D:3:      layout_rooms
D:4:      layout_rooms
D:5:      layout_basic, nicolae_elevator_lobby_asterisk, uniq_ijyb,
          uniq_grinder, uniq_sigmund, uniq_duvessa, uniq_eustachio
D:6:      kennysheep_steamy, layout_basic, temple_pool_b,
          hangedman_feature_mirror
D:7:      layout_loops_corners, uniq_menkaure
D:8:      layout_loops_ring, cheibrodos_ashenzari_chains, uniq_erica,
          uniq_joseph
D:9:      layout_stronghold, david_lair_generic
D:10:     layout_rooms, hellmonk_bongcloud_opening, fungi_pond_lemuel,
          uniq_harold, uniq_sonja
D:11:     layout_stronghold, erik_orc_4, uniq_psyche, uniq_nergalle
D:12:     layout_loops_ring
D:13:     layout_cross, david_vaults_4, portal_ice_cave_entry_pillars_2,
          st_stairs_5, minmay_unpleasant_kobolds, uniq_nessos
D:14:     layout_long_grid
D:15:     gammafunk_enter_depths_forms, layout_loops_ring,
          kennysheep_pointless_box
Lair:1:   layout_regular_city, evilmike_ambush [evilmike_ambush_outer_corners,
          evilmike_ambush_inner_pond]
Lair:2:   layout_cave_pods, gammafunk_ghost_grave, grunt_megastairs_2,
          serial_bayou_shore_b
Lair:3:   layout_small_grid, kennysheep_abandoned_house,
          infiniplex_staircase_pool_2, grunt_megastairs_1
Lair:4:   layout_misc_corridors, elwin_shoals_entry_rocks,
          guppyfry_snake_entry_island
Lair:5:   minmay_lair_oklob_tunnel, layout_regular_city,
          minmay_slime_entry_eyes, minmay_hedge_maze, st_stairs_9,
          lemuel_fruit_tree
Lair:6:   gammafunk_lair_ancient_temple, layout_regular_city
Snake:1:  layout_basic, uniq_frances, uniq_agnes
Snake:2:  layout_layer_cave, nicolae_snake_gridmaze_waves,
          statue_in_the_mist_lemuel, uniq_aizul
Snake:3:  layout_basic, grunt_megastairs_5, uniq_vashnia
Snake:4:  johnstein_snake_rune_scales, layout_misc_corridors,
          nrook_guardian_serpent_double, serial_bayou_shore_b, minmay_shoptagon
Orc:1:    cheibrodos_orc_guarddog, layout_caves, serial_shops, shop_coins,
          nicolae_orc_lost_temple, uniq_josephine
Orc:2:    st_orc_town, layout_caves, basic_altar
Elf:1:    layout_gridlike, serial_shops, shop, orc_legates, minmay_shop_star
Elf:2:    elven_hall_of_blades_hangedman_original [nicolae_blade_little_rooms],
          layout_gridlike, ebering_ghost_disaster_area, serial_shops,
          nicolae_diamond_shop, drop_trap
Elf:3:    elf_hall_gauntlet_narrow, layout_geoelf_diagonals, serial_shops,
          statue_bzr
Vaults:1: v_rooms_6, v_misc_8, gammafunk_sealed_arena, hangedman_vaults_stagger,
          hangedman_vaults_nails, layout_vaults_chaotic_city, serial_shops,
          nicolae_shop_trees
Vaults:2: v_misc_32, minmay_crypt_entry_simple_round,
          nicolae_vaults_twisting_passages, ontoclasm_vaults_fault,
          dpeg_vaults_monster_row, ontoclasm_vaults_shout, vaults_dpeg_cross,
          nicolae_vaults_stairing_the_circle, vaults_room_fancy_cross, v_misc_4,
          vaults_dpeg_hooks, vaults_dpeg_encased_lava, layout_vaults_ring,
          serial_shops, nicolae_diamond_shop
Vaults:3: v_misc_3, v_alt_pattern_5, nicolae_vaults_triangles, v_misc_25,
          grunt_vaults_hallway_long, v_rooms_6, v_rooms_5, v_rooms_1,
          nicolae_vaults_little_squares_2, st_star, v_misc_16,
          vaults_mumra_chevron_long, layout_vaults_maze_bifur, serial_shops,
          shop
Vaults:4: st_greater_box_2, ontoclasm_vaults_shuriken, v_misc_4,
          nicolae_vaults_theta, nicolae_vaults_alarming, layout_vaults_omnigrid,
          uniq_margery
Vaults:5
Depths:1: layout_gridlike, enter_ziggurat_e, grunt_hell_entry_dis_grunt,
          lemuel_coloured_pillars_altar, abyss_entry_flame_altar,
          nicolae_elyvilon_temple_path
Depths:2: grunt_deathspiral_large, layout_cave_pools, serial_shops, shop,
          grunt_pan_entry_zigzag, hell_entry, small_statue_intersection,
          pdpol_wu_jian_five_deadly_venoms, uniq_asterion, uniq_enchantress
Depths:3: evilmike_iron_armoury, layout_long_grid, minmay_room_of_horrors,
          hell_entry, minmay_misc_feat_secret_circle, hangedman_decor_opposing,
          serial_bayou_shore_a, infiniplex_staircase_diamond
Depths:4: evilmike_zot_entry_hall, layout_cave_shapes, nicolae_sextant,
          pf_coc_iceberg, pan_entry, kiku_gazebo_pond_becter
Zot:1:    layout_onion_interference
Zot:2:    lemuel_firehouse, layout_onion_interference, bh_zot_lava_cross
Zot:3:    layout_gridlike
Zot:4:    kennysheep_oblong_rooms, layout_gridlike, st_stairs_14
Zot:5:    layout_misc_corridors

Skill      XL: |  1  2  3  4  5  6  7  8  9 10 11 12 13 14 15 16 17 18 19 20 21 22 23 24 25 26 27 |
---------------+----------------------------------------------------------------------------------+-----
Maces & Flails | 2 3 4 5 6 8 9 10 11 13 14 16 | 16.0
Shields        | 3 4 5 7 9 11 13 15 17 20 24 | 24.9
Fighting       | 3 4 6 7 8 9 10 11 12 13 15 17 19 20 21 23 24 25 | 25.0
Armour         | 3 6 8 9 13 15 17 18 19 | 19.1
Dodging        | 2 5 7 9 11 12 | 12.1
Evocations     | 1 5 9 11 13 14 | 14.3

Action                   |  1- 3 |  4- 6 |  7- 9 | 10-12 | 13-15 | 16-18 | 19-21 | 22-24 | 25-27 || total
-------------------------+-------+-------+-------+-------+-------+-------+-------+-------+-------++-------
Melee: Flail             |    87 |    96 |   300 |   622 |   404 |  1484 |  1704 |       |       ||  4697
       Bite              |    21 |    27 |   114 |   312 |   266 |   985 |  1094 |   819 |  1202 ||  4840
       Headbutt          |       |       |       |       |       |    35 |       |       |       ||    35
       Kick              |       |       |       |       |       |     4 |   709 |   550 |       ||  1263
       Unarmed           |       |       |       |       |       |       |     9 |       |       ||     9
       Eveningstar       |       |       |       |       |       |       |    93 |  1355 |  1925 ||  3373
Throw: Throwing net      |       |       |       |       |     3 |       |       |     1 |       ||     4
Evoke: Piece from Xom's  |       |       |       |       |       |       |       |     3 |       ||     3
       Wand              |       |       |       |       |       |       |       |     2 |     3 ||     5
       Condenser vane    |       |       |       |       |       |       |       |     1 |       ||     1
  Use: Potion            |       |     1 |     1 |     2 |     6 |    11 |     3 |       |     1 ||    25
       Scroll            |       |       |       |     7 |    10 |     7 |    11 |     9 |    12 ||    56
 Stab: Confused          |       |       |     2 |     5 |       |     6 |    13 |     8 |     5 ||    39
       Invisible         |       |       |       |       |    16 |       |       |       |    11 ||    27
       Distracted        |       |       |       |       |       |     4 |     4 |       |     2 ||    10
       Sleeping          |       |       |       |       |       |    10 |       |       |       ||    10
       Paralysed         |       |       |       |       |       |       |     2 |     2 |     6 ||    10
       Petrified         |       |       |       |       |       |       |       |     1 |       ||     1
Armor: Scale mail        |    41 |    53 |   121 |   164 |    95 |    91 |       |       |       ||   565
       Robe              |       |       |       |       |       |    50 |       |       |       ||    50
       Crystal plate arm |       |       |       |       |       |    84 |   402 |   511 |   824 ||  1821
       Skin              |       |       |       |       |       |     1 |       |       |       ||     1
Dodge: Dodged            |    33 |    38 |   127 |   141 |   116 |   535 |   440 |   375 |   511 ||  2316
Block: Buckler           |    22 |    24 |    33 |       |       |       |       |       |       ||    79
       Kite shield       |       |       |   138 |   526 |   276 |  1401 |  1615 |  1266 |  1174 ||  6396
       Reflection        |       |       |       |       |       |       |       |    38 |       ||    38
       Tower shield      |       |       |       |       |       |       |       |       |   961 ||   961

Table legend: (Time is in decaauts)
 A = Elapsed time spent in this place.
 B = Non-inter-level travel time spent in this place.
 C = Inter-level travel time spent in this place.
 D = Time resting spent in this place.
 E = Time spent auto-exploring this place.
 F = Levels seen in this place.
 G = Mean time per level.
                   A        B        C        D        E       F      G
               +--------+--------+--------+--------+--------+-----+--------+
         Total |  54732 |  51271 |   3461 |   7649 |  21932 |  47 | 1164.5 |
       Dungeon |  14621 |  13157 |   1464 |    512 |   8354 |  15 |  974.7 |
          Lair |   6513 |   6165 |    348 |    353 |   3634 |   6 | 1085.5 |
     Snake Pit |   5247 |   5072 |    175 |    267 |   2976 |   4 | 1311.8 |
  Orcish Mines |   7258 |   6913 |    345 |   4405 |   1374 |   2 | 3629.0 |
   Elven Halls |   3680 |   3480 |    200 |    283 |   1671 |   3 | 1226.7 |
        Vaults |   7745 |   7071 |    674 |   1114 |   3040 |   5 | 1549.0 |
        Depths |   2766 |   2565 |    201 |      0 |     95 |   4 |  691.5 |
           Zot |   4900 |   4849 |     51 |    656 |    693 |   5 |  980.0 |
         Abyss |   1645 |   1645 |      0 |     58 |     91 |   2 |  822.5 |
      Ice Cave |    353 |    353 |      0 |      0 |      0 |   1 |  353.0 |
               +--------+--------+--------+--------+--------+-----+--------+

Top non-repeatable levels by time:
   Orc:1: 3764 daAuts
   Orc:2: 3494 daAuts
Vaults:4: 2920 daAuts
    D:15: 1712 daAuts
 Abyss:3: 1562 daAuts
  Lair:5: 1488 daAuts
Vaults:3: 1485 daAuts
   Elf:2: 1444 daAuts
 Snake:4: 1420 daAuts
   Zot:5: 1363 daAuts
 Snake:2: 1355 daAuts
   Elf:3: 1280 daAuts
     D:7: 1263 daAuts
  Lair:3: 1260 daAuts
 Snake:1: 1249 daAuts
